 Dungeon Crawl Stone Soup version 0.31-a0-202-g547052bce9 (webtiles) character file.

Game seed: 4167417445166035633

106 qw the Skirmisher (level 4, 0/25 HPs)
             Began as a Deep Elf Hunter on June 26, 2023.
             Slain by Terence
             ... wielding a +0 flail
              (1 damage)
             ... on level 2 of the Dungeon.
             The game lasted 00:00:29 (1174 turns).

qw the Skirmisher (Deep Elf Hunter)                 Turns: 1174, Time: 00:00:30

Health: 0/25       AC:  5    Str: 10    XL:     4   Next: 55%
Magic:  6/6        EV: 11    Int: 14    God:
Gold:   36         SH:  0    Dex: 18    Spells: 3/3 levels left

rFire   . . .        a - +0 shortbow
rCold   . . .        (shield currently unavailable)
rNeg    . . .        d - +0 ring mail
rPois   .            (no helmet)
rElec   .            (no cloak)
rCorr   .            (no gloves)
SInv    .            (no boots)
Will    .....        (no amulet)
Stlth   +            (no ring)
HPRegen 0.24/turn    (no ring)
MPRegen 0.10/turn

%: no passive effects
@: no status effects
A: no striking features
a: no special abilities


You were on level 2 of the Dungeon.
You visited 1 branch of the dungeon, and saw 2 of its levels.

You collected 36 gold pieces.


   Skills:
 - Level 1.5 Fighting
 + Level 8.0 Ranged Weapons
 - Level 2.4 Dodging
 - Level 1.2 Stealth


You had 3 spell levels left.
You didn't know any spells.
Your spell library was empty.

Inventory:

Hand Weapons
 a - a +0 shortbow (weapon)
Armour
 b - a +1 hat
 d - a +0 ring mail (worn)
 f - a +0 ring mail of poison resistance
Jewellery
 c - an amulet of reflection
Scrolls
 g - a scroll of noise {unknown}
Potions
 e - a potion of enlightenment {unknown}

Dungeon Overview and Level Annotations

Branches:
Dungeon (2/15)

Altars:
Zin

Annotations:
D:2 Terence


Message History

You shoot an arrow. The arrow closely misses the quokka.
The arrow hits the goblin.
The goblin is severely wounded.
The quokka bites you but does no damage.
The adder barely misses you.
The quokka bites you but does no damage.
The adder bites you but does no damage.
You shoot an arrow. The arrow hits the quokka.
You kill the quokka!
The bat hits you but does no damage. The adder completely misses you.
You shoot an arrow. The arrow completely misses the adder.
The bat hits you but does no damage. The adder bites you but does no damage.
The adder misses you. The goblin hits you with a +0 dagger.
You shoot an arrow. The arrow misses the goblin.
The arrow hits Terence.
Terence is moderately wounded.
The adder bites you. The goblin closely misses you.
The adder barely misses you.
You shoot an arrow. The arrow hits the goblin!
You kill the goblin!
The bat barely misses you. The adder misses you.
Your Ranged Weapons skill increases to level 8!
You shoot an arrow. The arrow closely misses the adder.
The bat completely misses you. The adder barely misses you.
You shoot an arrow. The arrow hits Terence.
Terence is heavily wounded.
The adder barely misses you. Terence closely misses you.
The adder closely misses you.
You shoot an arrow. The arrow hits Terence.
Terence is heavily wounded.
Terence hits you with a +0 flail! The adder bites you but does no damage.
You shoot an arrow. The arrow completely misses Terence.
The arrow closely misses the bat.
The adder barely misses you. Terence hits you with a +0 flail.
The adder closely misses you. Terence hits you with a +0 flail.
You shoot an arrow. The arrow barely misses Terence.
The arrow hits the bat!
You kill the bat!
The adder bites you. Terence closely misses you.
You shoot an arrow. The arrow hits Terence.
Terence is heavily wounded.
The adder closely misses you. Terence hits you with a +0 flail.
You die...

#.#
..........
#.#
#$.......
.######.##
##.......
..........
##......>
.######...
.......
###. #..%.
#.
#.##S@##
#.
#....@.##
######.
######..#
#......
##.#
#.#####
#.# #.#
#.####.#
#.#
#......#
#.#
##.#####
#.# #.#
#.# #.#
#.#


You could see Terence and an adder.

Vanquished Creatures
  4 gnolls
  3 adders
  A dart slug (D:2)
  4 endoplasms
  2 giant cockroaches (D:2)
  6 goblins
  4 quokkas
  3 ball pythons (D:2)
  3 bats
  2 frilled lizards
  5 kobolds
  A rat (D:1)
38 creatures vanquished.

Notes
Turn   | Place    | Note
-------+----------+-------------------------------------------
     0 | D:1      | qw the Deep Elf Hunter began the quest for the Orb.
     0 | D:1      | Reached XP level 1. HP: 12/12 MP: 3/3
     0 | D:1      | 0 ||| qw: Version: 0.3-a-22-g0ed2b0b
     0 | D:1      | 0 ||| qw: Game counter: 6032
     0 | D:1      | 0 ||| qw: Melee chars always use a shield: true
     0 | D:1      | 0 ||| qw: God list: Okawaru
     0 | D:1      | 0 ||| qw: Allow faded altars: false
     0 | D:1      | 0 ||| qw: Do Orc after clearing Dungeon:15 true
     0 | D:1      | 0 ||| qw: Do second Lair branch before Depths: true
     0 | D:1      | 0 ||| qw: Lair rune preference: random
     0 | D:1      | 0 ||| qw: Goals: Normal
     0 | D:1      | 0 ||| PLANNING D:1-11
   129 | D:1      | Reached XP level 2. HP: 16/16 MP: 4/4
   131 | D:1      | Reached skill level 6 in Ranged Weapons
   401 | D:1      | 401 ||| UPGRADING to +0 ring mail.
   411 | D:1      | 411 ||| DROPPING +0 leather armour.
   412 | D:1      | 412 ||| DROPPING scroll of butterflies.
   452 | D:2      | 452 ||| STAIRDANCE
   455 | D:1      | Reached XP level 3. HP: 16/20 MP: 5/5
   505 | D:2      | Reached skill level 7 in Ranged Weapons
   509 | D:2      | 509 ||| FLEEEEING.
   510 | D:2      | 510 ||| FLEEEEING.
   511 | D:2      | 511 ||| FLEEEEING.
   513 | D:2      | 513 ||| FLEEEEING.
   519 | D:2      | Reached XP level 4. HP: 24/25 MP: 6/6
   851 | D:2      | Found a glowing silver altar of Zin.
  1159 | D:2      | Noticed Terence
  1169 | D:2      | Reached skill level 8 in Ranged Weapons
  1172 | D:2      | HP: 2/25 [Terence/+0 flail (6)]
  1174 | D:2      | Slain by Terence

Levels and vault maps discovered:
D:1:      dpeg_arrival_houses_and_road, layout_rooms,
          nicolae_concentric_dashed_squares_wild
D:2:      layout_loops_ring, basic_altar, st_stairs_5,
          nicolae_elevator_lobby_plus, uniq_terence

Skill      XL: |  1  2  3  4 |
---------------+-------------+-----
Ranged Weapons | 6 7 8 |  8.0
Fighting       | |  1.5
Dodging        | |  2.4
Stealth        | |  1.2

Action                     |  1- 3 |  4- 6 || total
---------------------------+-------+-------++-------
   Fire: Shortbow          |    61 |    57 ||   118
 Armour: Leather armour    |     3 |       ||     3
         Ring mail         |     7 |    20 ||    27
  Dodge: Dodged            |    16 |    31 ||    47

Table legend:
 A = Non-vault XP
 B = Vault XP
 C = Vault XP percentage of total XP
 D = Non-vault monster count
 E = Vault monster count
 F = Vault count percentage of total count
                 A         B        C        D         E       F
            +---------+---------+-------+---------+---------+-------
      Total |     150 |       2 |   1.3 |      37 |       1 |   2.6
            +---------+---------+-------+---------+---------+-------
        D:1 |      48 |       0 |   0.0 |      14 |       0 |   0.0
        D:2 |     102 |       2 |   1.9 |      23 |       1 |   4.2
            +---------+---------+-------+---------+---------+-------
